 Dungeon Crawl Stone Soup version 0.29-a0-870-g2c972031a6 (webtiles) character file.

Game seed: 15754034508249925388

60 nxtlvl the Cutter (level 3, -7/22 HPs)
             Began as a Deep Elf Monk on July 17, 2022.
             Mangled by an iguana (11 damage)
             ... on level 4 of the Dungeon.
             The game lasted 00:05:57 (1158 turns).

nxtlvl the Cutter (Deep Elf Monk)                   Turns: 1158, Time: 00:05:59

Health: -7/22      AC:  4    Str:  6    XL:     3   Next: 82%
Magic:  5/5        EV: 12    Int: 16    God:
Gold:   119        SH:  0    Dex: 17    Spells: 2/2 levels left

rFire   . . .      SeeInvis .   a - +0 short sword
rCold   + . .      Faith    .   (no shield)
rNeg    . . .      Spirit   .   m - +0 leather armour {rC+}
rPois   .          Reflect  .   (no helmet)
rElec   .          Harm     .   (no cloak)
rCorr   .          Rampage  .   (no gloves)
Will    .....                   e - +0 pair of boots
Stlth   ++........              (no amulet)
HPRegen 0.07/turn               (no ring)
MPRegen 0.09/turn               (no ring)

@: unable to read
A: talons 1, weak 1, inability to read while threatened 1
a: no special abilities


You were on level 4 of the Dungeon.
You visited 1 branch of the dungeon, and saw 4 of its levels.

You collected 119 gold pieces.

Inventory:

Hand Weapons
 a - a +0 short sword (weapon)
Missiles
 j - 11 poisoned darts (quivered)
 l - 4 stones
Armour
 e - a +0 pair of boots (worn)
 m - a +0 leather armour of cold resistance (worn)
Scrolls
 b - a scroll of fog {unknown}
 d - 5 scrolls of identify {unknown}
 g - a scroll of amnesia {unknown}
 h - a scroll of brand weapon {unknown}
 i - 2 scrolls of immolation {unknown}
Potions
 c - a potion of cancellation {unknown}
 f - a potion of mutation
 k - a potion of flight {unknown}


   Skills:
 - Level 2.4 Fighting
 * Level 4.8 Short Blades
 - Level 3.6 Dodging
 - Level 2.4 Stealth


You had 2 spell levels left.
You didn't know any spells.
Your spell library contained the following spells:

 Spells                   Type           Power      Damage    Failure   Level
 Summon Small Mammal      Summ           0%         N/A       36%         1
 Ensorcelled Hibernation  Hex/Ice        0%         N/A       52%         2
 Passwall                 Tmut/Erth      0%         N/A       52%         2
 Call Canine Familiar     Summ           0%         N/A       75%         3
 Frozen Ramparts          Ice            0%         1d2       75%         3
 Summon Guardian Golem    Hex/Summ       0%         N/A       75%         3
 Swiftness                Air            0%         N/A       75%         3
 Summon Ice Beast         Ice/Summ       0%         N/A       98%         4


Dungeon Overview and Level Annotations

Branches:
Dungeon (4/15)
 Temple: D:4-7

Altars:
Ru

Annotations:
D:4 1 runed translucent door, Tboneapple's ghost, amateur OpTm


Innate Abilities, Weirdness & Mutations

You have sharp toenails.
You are weak. (Str -2)
You occasionally lose the ability to read scrolls when taking damage.


Message History

Found 6 gold pieces.
The iguana hisses angrily.
You hit the ball python.
You kill the ball python!
Throw: 14 darts (poison)
Press: ? - help, Q - select action, (/) - cycle Shift-Dir - straight line, f - iguana
Aim: an iguana (64% to hit)
You throw a poisoned dart. The poisoned dart hits the iguana.
The iguana is poisoned.
Throw: 13 darts (poison)
Press: ? - help, Q - select action, (/) - cycle Shift-Dir - straight line, f/p - iguana
Aim: an iguana (lightly wounded, poisoned, 64% to hit)
You throw a poisoned dart. The poisoned dart hits the iguana.
The iguana looks even sicker.
The iguana is lightly wounded.
Throw: 12 darts (poison)
Press: ? - help, Q - select action, (/) - cycle Shift-Dir - straight line, f/p - iguana
Aim: an iguana (lightly wounded, very poisoned, 64% to hit)
You throw a poisoned dart.
The poisoned dart completely misses the iguana.
You hit the iguana but do no damage.
The iguana is lightly wounded.
The iguana bites you.
You hit the iguana but do no damage.
The iguana is lightly wounded.
The iguana closely misses you.
You hit the iguana.
The iguana is moderately wounded.
The iguana bites you!
* * * LOW HITPOINT WARNING * * *
You hit the iguana.
The iguana is heavily wounded.
It was a potion of mutation.
You feel extremely strange.
You feel weaker.
You occasionally lose the ability to read scrolls when threatened.
Your toenails lengthen and sharpen.
The iguana bites you!
You feel threatened and lose the ability to read scrolls!
Ouch! That really hurt!
You die...

#...##.)$###...
######
...#.###...
#..... #.#.#...
#.#### #.(...#
#.# #(#.# #.#
#(..# #.# #..##
#.# #l## #.#
#@# #.# #.# #.#
#.# #.# #.# #.#
#.# #.# #.# #.#
#.# #.# #.# #.#
#.# #.#


You could see an iguana (poisoned).

Vanquished Creatures
  3 adders
  3 dart slugs (D:2)
  An orc (D:2)
  A giant cockroach (D:2)
  4 goblins
  2 hobgoblins (D:1)
  3 kobolds
  2 quokkas (D:2)
  4 ball pythons
  A bat (D:2)
  3 frilled lizards
  2 rats (D:2)
29 creatures vanquished.

Vanquished Creatures (others)
  2 withered plants (D:4)
2 creatures vanquished.

Grand Total: 31 creatures vanquished

Notes
Turn   | Place    | Note
-------+----------+-------------------------------------------
     0 | D:1      | nxtlvl the Deep Elf Monk began the quest for the Orb.
     0 | D:1      | Reached XP level 1. HP: 13/13 MP: 3/3
   199 | D:2      | Reached XP level 2. HP: 12/18 MP: 4/4
   207 | D:2      | Reached skill level 4 in Short Blades
   315 | D:2      | Reached XP level 3. HP: 18/22 MP: 5/5
   335 | D:2      | Found a sacrificial altar of Ru.
   511 | D:1      | Found a faded altar of an unknown god.
   871 | D:4      | Found a runed translucent door.
   871 | D:4      | Noticed Tboneapple's ghost (amateur OpTm)
   873 | D:4      | Got the Treatise on Wintry Accompaniment
  1158 | D:4      | Gained mutation: You are weak. (Str -2) [potion of
                  | mutation]
  1158 | D:4      | Gained mutation: You occasionally lose the ability to read
                  | scrolls when taking damage. [potion of mutation]
  1158 | D:4      | Gained mutation: You have sharp toenails. [potion of
                  | mutation]
  1158 | D:4      | Mangled by an iguana

Illustrated notes

Levels and vault maps discovered:
D:1:      ncdulo_lavacross, layout_basic, ebering_ecumenical_altar_mist,
          columned_hall_lemuel
D:2:      minmay_recursive_quarters, layout_basic, basic_altar,
          uniq_crazy_yiuf_cottage
D:3:      layout_rooms, lemuel_coloured_pillars_altar, hangedman_glass_garden,
          guppyfry_early_lair_pool
D:4:      layout_basic, minmay_temple_entry_slanted, gammafunk_ghost_grave,
          uniq_menkaure

Skill      XL: |  1  2 |
---------------+-------+-----
Short Blades   | 4 |  4.8
Fighting       | |  2.4
Dodging        | |  3.6
Stealth        | |  2.4

Action                   || total
-------------------------++-------
Melee: Short sword       ||   130
Throw: Dart              ||     8
  Use: Potion            ||     2
 Stab: Sleeping          ||     4
Armor: Robe              ||    22
       Leather armour    ||     1
Dodge: Dodged            ||    63

Table legend: (Time is in decaauts)
 A = Elapsed time spent in this place.
 B = Non-inter-level travel time spent in this place.
 C = Inter-level travel time spent in this place.
 D = Time resting spent in this place.
 E = Time spent auto-exploring this place.
 F = Levels seen in this place.
 G = Mean time per level.
                   A        B        C        D        E       F      G
               +--------+--------+--------+--------+--------+-----+--------+
         Total |   1149 |    986 |    163 |      0 |     59 |   4 |  287.2 |
       Dungeon |   1149 |    986 |    163 |      0 |     59 |   4 |  287.2 |
               +--------+--------+--------+--------+--------+-----+--------+

Top non-repeatable levels by time:
     D:1: 395 daAuts
     D:2: 394 daAuts
     D:4: 250 daAuts
     D:3: 108 daAuts
